 Dungeon Crawl Stone Soup version 0.17.1-1-g73c8601 (webtiles) character file.

30027 Peloso the Carver (level 13, -13/119 HPs)
             Began as a Minotaur Fighter on Dec 24, 2015.
             Was the Champion of Okawaru.
             Killed from afar by a balrug (45 damage)
             ... with a bolt of fire
             ... on level 1 of the Abyss.
             The game lasted 01:04:56 (13046 turns).

Peloso the Carver (Minotaur Fighter)               Turns: 13046, Time: 01:04:56

Health: -13/119    AC: 18    Str: 24    XL:     13   Next: 18%
Magic:  13/13      EV: 10    Int:  5    God:    Okawaru [******]
Gold:   932        SH: 13    Dex: 12    Spells: 0 memorised, 12 levels left

rFire  . . .     SeeInvis +     F - +6 long sword of Valiance {slice, SInv}
rCold  . . .     Clarity  .     L - +0 plate armour
rNeg   + . .     SustAt   .     c - +0 shield
rPois  .         Gourm    .     (helmet restricted)
rElec  .         Spirit   .     (no cloak)
rCorr  .         Warding  .     X - +1 pair of gloves
rMut   .         Rnd*Tele +     (no boots)
MR     .....                    y - amulet of regeneration
Stlth  ..........               p - ring of positive energy
                                N - ring of teleportation (curse)

@: about to teleport, not resistant to hostile enchantments, extremely
unstealthy
A: retaliatory headbutt, horns 2
a: Heroism, Finesse, Renounce Religion, Evoke Teleportation


You were on level 1 of the Abyss.
You worshipped Okawaru.
Okawaru was exalted by your worship.
You were not hungry.

You visited 2 branches of the dungeon, and saw 15 of its levels.
You visited the Abyss 1 time.

You collected 932 gold pieces.

Inventory:

Hand Weapons
 r - a +1 dagger of flaming
 F - the +6 long sword of Valiance (weapon) {slice, SInv}
   (You found it on level 4 of the Dungeon)

   It inflicts extra damage upon your enemies.
   It lets you see invisible.
 R - the +4 scimitar of Ticatut Ude {antimagic, SInv}
   (Okawaru gifted it to you on level 13 of the Dungeon)

   It disrupts the flow of magical energy around spellcasters and certain
   magical creatures (including the wielder).
   It lets you see invisible.
Armour
 c - a +0 shield (worn)
 L - a +0 plate armour (worn)
 S - the +1 buckler of the Eternal Void {-Tele rElec Dex+3 Slay+5}
   (Okawaru gifted it to you on level 1 of the Abyss)

   It affects your dexterity (+3).
   It affects your accuracy and damage with ranged weapons and melee attacks
   (+5).
   It insulates you from electricity.
   It prevents most forms of teleportation.
 X - a +1 pair of gloves (worn)
Jewellery
 g - an uncursed ring of flight
 p - a ring of positive energy (right hand)
 q - an uncursed ring of see invisible
 y - an amulet of regeneration (around neck)
 H - an uncursed ring of poison resistance
 N - a cursed ring of teleportation (left hand)
 V - an uncursed ring of sustain attributes
Wands
 f - a wand of draining (6)
 o - a wand of disintegration (12)
 s - a wand of draining (8)
 x - a wand of random effects (24)
 z - a wand of flame (32)
 B - a wand of digging (24)
 C - a wand of polymorph (10)
 K - a wand of digging (14)
Scrolls
 i - 3 scrolls of teleportation
 j - 2 scrolls of remove curse
 k - 3 scrolls of enchant weapon
 l - a scroll of recharging
 t - 2 scrolls of magic mapping
 v - a scroll of fog
 M - 2 scrolls of amnesia
 Z - 4 scrolls of enchant armour
Potions
 b - 2 potions of cure mutation
 d - 4 potions of might
 h - 3 potions of heal wounds
 u - 6 potions of curing
 w - 6 potions of brilliance
 A - 3 potions of haste
 E - a potion of invisibility
 G - a potion of flight
 I - 4 potions of resistance
 J - 4 potions of berserk rage
 O - 3 potions of agility
 P - a potion of magic
Comestibles
 e - 17 bread rations
 m - 10 fruits
 n - 8 meat rations
 D - 3 royal jellies
 Q - 2 beef jerkies
 W - 8 slices of pizza


   Skills:
 + Level 12.7 Fighting
 + Level 13.6 Long Blades
 + Level 12.6 Armour
 + Level 6.5 Dodging
 + Level 0.6 Stealth
 + Level 13.4 Shields
 + Level 1.4 Invocations


You had 12 spell levels left.
You didn't know any spells.

Dungeon Overview and Level Annotations

Branches:
Dungeon (14/15)            Temple (1/1) D:7            Lair (0/8) D:10
    Orc (0/4) D:12         Vaults (0/5) D:13

Altars:
Ashenzari
Cheibriados
Dithmenos
Elyvilon
Fedhas
Kikubaaqudgha
Makhleb
Okawaru
Qazlal
Ru
Sif Muna
Vehumet
Xom
Zin
The Shining One

Portals:
Trove: D:10 (give 16 potions of curing)

Annotations:
D:14 Louise


Innate Abilities, Weirdness & Mutations

You reflexively headbutt those who attack you in melee.
You have a pair of horns on your head.


Message History

You are covered in liquid flames!
The balrug gestures at you.
The fireball explodes!
The fireball engulfs you!
You are covered in liquid flames!
The balrug gestures at you.
The fireball explodes!
The fireball engulfs you!
Read which item? (? for menu, Esc to quit)
As you read the scroll of teleportation, it crumbles to dust.
You feel strangely unstable.
You feel the power of the Abyss delaying your translocation!
You are covered in liquid flames!
The balrug gestures at you. Something smites you!
* * * LOW HITPOINT WARNING * * *
The balrug gestures at you. The bolt of fire hits you!
* * * LOW HITPOINT WARNING * * *
The balrug gestures at you. The bolt of fire hits you!
You die...

#### .... . . # #..#
##### #..#....## # .
###@# ##.######..
#..###..........
#..##........#.. ##
##.2... .... '.. .
#.
#.##..#.###.....## #
##.##.#...#..##'####
. .. .##..#.4 ...#.#
#.# #.#...#.....#.#
. ... #...#......###


You could see a balrug and a red devil.

Vanquished Creatures
  An ophan (Abyss:1)
  8 vault guards (D:13)
  Fannar (D:10)
  Erolcha (D:8)
  A wizard (D:13)
  6 skeletal warriors
  An unseen horror (D:14)
  Pikel (D:6)
  2 hill giants (D:13)
  3 ugly things
  2 manticores
  Joseph (D:8)
  A cyclops (D:11)
  Psyche (D:8)
  2 gargoyles
  2 kobold demonologists (D:13)
  4 trolls
  2 ancient zymes (Abyss:1)
  5 blink frogs (Abyss:1)
  A two-headed ogre (D:13)
  3 deep elf magi
  A redback simulacrum (D:11)
  A human (D:7)
  Eustachio (D:5)
  6 yaks
  2 hippogriffs
  4 wargs (D:12)
  A hungry ghost (D:11)
  2 water moccasins (D:10)
  2 slaves (D:6)
  8 orc warriors
  2 black bears (D:11)
  8 ogres
  2 necrophages
  4 ice beasts
  2 phantoms
  9 centaurs
  2 crocodiles
  A large abomination (Abyss:1)
  4 giant frogs
  A big kobold (D:13)
  2 small abominations (Abyss:1)
  3 scorpions
  A killer bee (D:10)
  A centaur zombie (D:5)
  9 crimson imps
  12 wights
  2 jellies
  7 hounds
  8 orc wizards
  5 orc priests
  5 giant frog skeletons
  2 giant frog zombies (D:10)
  A quasit (D:8)
  10 worker ants
  2 centaur skeletons (D:4)
  7 iguanas
  3 sheep (D:7)
  A hound zombie (D:11)
  2 worker ant zombies
  17 adders
  11 gnolls
  7 shadow imps
  2 oozes
  5 worms
  9 giant geckos
  64 orcs
  4 bats
  13 hobgoblins
  6 jackals
  14 kobolds
  5 quokkas
  5 ball pythons
  A ball python skeleton (D:5)
  7 giant cockroaches
  A giant gecko skeleton (D:5)
  A giant gecko zombie (D:9)
  3 giant newts
  17 goblins
  2 jackal skeletons
  A quokka skeleton (D:6)
  9 rats
399 creatures vanquished.

Vanquished Creatures (others)
  A crimson imp (D:14)
1 creature vanquished.

Grand Total: 400 creatures vanquished

Notes
Turn   | Place    | Note
--------------------------------------------------------------
     0 | D:1      | Peloso the Minotaur Fighter began the quest for the Orb.
     0 | D:1      | Reached XP level 1. HP: 19/19 MP: 0/0
   363 | D:1      | Reached skill level 4 in Armour
   363 | D:1      | Reached XP level 2. HP: 27/27 MP: 1/1
   704 | D:2      | Reached XP level 3. HP: 33/33 MP: 2/2
  1242 | D:2      | Reached XP level 4. HP: 32/40 MP: 3/3
  1356 | D:2      | Reached skill level 1 in Dodging
  1569 | D:3      | Reached skill level 5 in Armour
  1748 | D:3      | Found a shadowy altar of Dithmenos.
  1847 | D:3      | Reached XP level 5. HP: 46/46 MP: 4/4
  2450 | D:4      | Reached XP level 6. HP: 50/53 MP: 5/5
  2552 | D:4      | Got a crystal long sword
  2553 | D:4      | Identified the +6 long sword of Valiance {slice, SInv} (You found it on level 4 of the Dungeon)
  2568 | D:4      | Noticed Eustachio
  2663 | D:4      | Reached skill level 5 in Shields
  2760 | D:5      | Entered Level 5 of the Dungeon
  3009 | D:5      | Reached skill level 5 in Fighting
  3009 | D:5      | Reached skill level 6 in Armour
  3009 | D:5      | Reached XP level 7. HP: 41/61 MP: 6/6
  3252 | D:5      | Reached skill level 7 in Armour
  3495 | D:5      | Reached skill level 5 in Long Blades
  3701 | D:5      | Killed Eustachio
  3701 | D:5      | Reached XP level 8. HP: 59/69 MP: 7/7
  4759 | D:6      | Noticed Pikel
  4855 | D:6      | Killed Pikel
  4855 | D:6      | Reached skill level 8 in Armour
  4855 | D:6      | Reached XP level 9. HP: 76/78 MP: 8/8
  5333 | D:7      | Found a staircase to the Ecumenical Temple.
  5349 | Temple   | Entered the Ecumenical Temple
  5393 | Temple   | Became a worshipper of Warmaster Okawaru
  5711 | D:7      | Reached skill level 9 in Shields
  5795 | D:7      | Reached * piety under Okawaru
  5830 | D:8      | Noticed a manticore
  5842 | D:8      | Killed a manticore
  6059 | D:8      | Noticed Erolcha
  6072 | D:8      | Killed Erolcha
  6072 | D:8      | Reached ** piety under Okawaru
  6072 | D:8      | Reached XP level 10. HP: 31/90 MP: 9/9
  6211 | D:8      | Noticed Psyche
  6216 | D:8      | Killed Psyche
  6400 | D:8      | Noticed Joseph
  6402 | D:8      | Found a snail-covered altar of Cheibriados.
  6418 | D:8      | Killed Joseph
  6547 | D:8      | Reached skill level 5 in Dodging
  6556 | D:8      | Reached skill level 10 in Shields
  7924 | D:10     | Entered Level 10 of the Dungeon
  7925 | D:10     | Noticed Fannar
  7944 | D:10     | Killed Fannar
  7944 | D:10     | Reached *** piety under Okawaru
  7944 | D:10     | Reached skill level 10 in Armour
  7962 | D:10     | Reached skill level 10 in Long Blades
  8052 | D:10     | Reached **** piety under Okawaru
  8052 | D:10     | Reached XP level 11. HP: 51/97 MP: 10/10
  8351 | D:10     | Found a staircase to the Lair.
  8756 | D:10     | Reached skill level 11 in Shields
  9097 | D:10     | Found a portal to a secret trove of treasure.
  9334 | D:11     | Received a gift from Okawaru
 10451 | D:12     | Found a staircase to the Orcish Mines.
 10458 | D:12     | Reached skill level 10 in Fighting
 11192 | D:13     | Noticed a hill giant
 11202 | D:13     | Killed a hill giant
 11202 | D:13     | Reached skill level 12 in Shields
 11369 | D:13     | Noticed a skeletal warrior
 11396 | D:13     | Killed a skeletal warrior
 11396 | D:13     | Reached ***** piety under Okawaru
 11455 | D:13     | Noticed a hill giant
 11456 | D:13     | Noticed a wizard
 11464 | D:13     | Killed a hill giant
 11478 | D:13     | Paralysed by a wizard for 4 turns
 11484 | D:13     | Killed a wizard
 11484 | D:13     | Reached XP level 12. HP: 93/108 MP: 11/11
 11947 | D:13     | Found a gate to the Vaults.
 11947 | D:13     | Noticed a vault guard
 11947 | D:13     | Noticed a vault guard
 11947 | D:13     | Noticed a vault guard
 11948 | D:13     | Noticed a vault guard
 11948 | D:13     | Noticed a vault guard
 11948 | D:13     | Noticed a vault guard
 11948 | D:13     | Noticed a vault guard
 11948 | D:13     | Noticed a vault guard
 11962 | D:13     | Killed a vault guard
 11977 | D:13     | Killed a vault guard
 11986 | D:13     | Killed a vault guard
 11994 | D:13     | Killed a vault guard
 11994 | D:13     | Reached ****** piety under Okawaru
 12008 | D:13     | Killed a vault guard
 12008 | D:13     | Received a gift from Okawaru
 12008 | D:13     | Reached skill level 1 in Invocations
 12024 | D:13     | Killed a vault guard
 12024 | D:13     | Reached skill level 13 in Shields
 12103 | D:13     | Killed a vault guard
 12127 | D:13     | HP: 2/112 [vault guard/great mace (8)]
 12129 | D:13     | Killed a vault guard
 12317 | D:13     | Got a translucent scimitar {god gift}
 12318 | D:13     | Identified the +4 scimitar of Ticatut Ude {antimagic, SInv} (Okawaru gifted it to you on level 13 of the Dungeon)
 12507 | D:14     | Received a gift from Okawaru
 12638 | D:14     | Reached XP level 13. HP: 104/119 MP: 12/12
 12665 | D:14     | Noticed Louise
 12693 | D:14     | Cast into the Abyss (Louise)
 12722 | Abyss:1  | Noticed an ophan
 12737 | Abyss:1  | Killed an ophan
 12737 | Abyss:1  | Received a gift from Okawaru
 12738 | Abyss:1  | Got a brightly glowing buckler {god gift}
 12749 | Abyss:1  | Identified the +1 buckler of the Eternal Void {-Tele rElec Dex+3 Slay+5} (Okawaru gifted it to you on level 1 of the Abyss)
 13026 | Abyss:1  | Noticed a balrug
 13046 | Abyss:1  | Killed from afar by a balrug

Action                   |  1- 3 |  4- 6 |  7- 9 | 10-12 | 13-15 || total
-------------------------+-------+-------+-------+-------+-------++-------
Melee: Long sword        |    92 |   139 |   291 |   764 |   101 ||  1387
       Unarmed           |       |       |     4 |       |       ||     4
Invok: Heroism           |       |       |       |     2 |     1 ||     3
  Use: Potion            |       |     1 |       |     3 |       ||     4
       Scroll            |       |       |       |    29 |     5 ||    34
  Eat: Chunk             |     1 |     5 |    11 |    23 |     1 ||    41
       Beef jerky        |       |       |       |     1 |     2 ||     3
